 Dungeon Crawl Stone Soup version 0.29-a0-251-g80730f7218 (webtiles) character file.

Game seed: 16405810744457899812

226 drugrobin the Covered (level 5, 0/46 HPs)
             Began as a Demigod Fighter on Mar 5, 2022.
             Succumbed to a kobold brigand's poison
             ... in a sewer.
             The game lasted 00:07:02 (2536 turns).

drugrobin the Covered (Demigod Fighter)             Turns: 2536, Time: 00:07:03

Health: 0/46       AC:  8    Str: 17    XL:     5   Next: 41%
Magic:  7/7        EV:  9    Int: 12    God:
Gold:   113        SH:  5    Dex: 13    Spells: 4/4 levels left

rFire   . . .      SeeInvis .   a - +0 war axe
rCold   . . .      Faith    .   c - +0 buckler
rNeg    . . .      Spirit   .   n - +0 scale mail
rPois   .          Reflect  .   (no helmet)
rElec   .          Harm     .   (no cloak)
rCorr   .          Rampage  .   (no gloves)
Will    .....                   f - +0 pair of boots
Stlth   ..........              (no amulet)
HPRegen 0.15/turn               (no ring)
MPRegen 0.10/turn               (no ring)

@: lethally poisoned (0 -> -17)
A: high MP 1, forlorn, divine attributes, clever 1, weak 2
a: no special abilities


You were in a sewer.
You visited 1 branch of the dungeon, and saw 3 of its levels.
You also visited: Sewer.

You collected 113 gold pieces.

Inventory:

Hand Weapons
 a - a +0 war axe (weapon)
 b - a +0 hunting sling
 o - a +0 hand axe
Armour
 c - a +0 buckler (worn)
 f - a +0 pair of boots (worn)
 n - a +0 scale mail (worn)
Jewellery
 m - a ring of fire
Scrolls
 g - 2 scrolls of identify {unknown}
 i - a scroll of summoning {unknown}
 j - a scroll of immolation {unknown}
 l - a scroll of acquirement {unknown}
Potions
 d - a potion of lignification
 e - a potion of magic


   Skills:
 + Level 3.7 Fighting
 + Level 3.1 Axes
 + Level 3.7 Armour
 + Level 3.7 Shields


You had 4 spell levels left.
You didn't know any spells.
Your spell library contained the following spells:

 Spells                   Type           Power      Damage    Failure   Level
 Freeze                   Ice            0%         1d3       80%         1
 Static Discharge         Conj/Air       0%         N/A       91%         2
 Frozen Ramparts          Ice            0%         1d2       99%         3
 Dispel Undead            Necr           0%         3d6       100%        4
 Hailstorm                Conj/Ice       0%         3d3       100%        4
 Sticky Flame             Conj/Fire      0%         2d3       100%        4


Dungeon Overview and Level Annotations

Branches:
Dungeon (3/15)              Sewer (1/1)


Innate Abilities, Weirdness & Mutations

You have an increased reservoir of magic. (+10% MP)
You shall have no god before yourself.
Your divine heritage dramatically boosts your attributes as you level up.
Your mind is acute. (Int +2)
You are very weak. (Str -4)


Message History

The kobold brigand is lightly wounded.
You feel sick. The kobold brigand misses you.
You slash the kobold brigand!
The kobold brigand is heavily wounded.
You feel sick.
The kobold brigand hits you with a +0 dagger of venom.
You are more poisoned.
The kobold brigand hits you with a +0 dagger of venom.
You are lethally poisoned!
You hit the kobold brigand but do no damage.
The kobold brigand is heavily wounded.
You feel extremely sick.
The kobold brigand hits you with a +0 dagger of venom.
You are more poisoned.
Unknown command.
Unknown command.
It was a potion of curing.
You feel better.
The kobold brigand hits you with a +0 dagger of venom.
You are poisoned.
You hit the kobold brigand but do no damage.
The kobold brigand is moderately wounded.
You feel very sick.
The kobold brigand hits you with a +0 dagger of venom.
You are lethally poisoned!
You closely miss the kobold brigand.
The kobold brigand is moderately wounded.
* * * LOW HITPOINT WARNING * * *
You feel very sick.
The kobold brigand hits you but does no damage.
You are more poisoned.
The kobold brigand splashes around in the water.
You completely miss the kobold brigand.
The kobold brigand is moderately wounded.
* * * LOW HITPOINT WARNING * * *
You feel very sick.
The kobold brigand splashes around in the water.
Unknown command.
It was a potion of mutation.
You feel extremely strange.
You feel clever.
You feel weaker. x2
You die...

####### ### #####≈≈≈≈.#
..≈.≈. #######.@≈≈≈#####
≈≈≈.. ##.....≈K###≈≈≈≈.#
≈≈≈≈# #≈≈≈.≈..≈# #######
≈..≈####≈≈≈≈≈.≈≈###.≈≈≈!
≈....##....####≈≈≈≈≈#
≈..≈...≈..## #####≈≈K≈.
≈.≈.≈...≈## ###
∩.≈≈.≈.≈≈# .....≈≈≈≈#


You could see a kobold brigand.

Vanquished Creatures
  An orc priest (D:3)
  An orc wizard (D:3)
  Natasha (thrice) (D:2)
  2 adders
  2 worms
  2 dart slugs
  8 orcs (D:3)
  4 bats
  6 endoplasms
  4 giant cockroaches
  4 hobgoblins
  6 jackals
  4 kobolds
  3 quokkas
  2 ball pythons (D:1)
  3 frilled lizards
  3 goblins
  4 rats
62 creatures vanquished.

Notes
Turn   | Place    | Note
-------+----------+-------------------------------------------
     0 | D:1      | drugrobin the Demigod Fighter began the quest for the Orb.
     0 | D:1      | Reached XP level 1. HP: 18/18 MP: 3/3
   346 | D:1      | Reached XP level 2. HP: 21/25 MP: 4/4
   936 | D:2      | Reached XP level 3. HP: 27/31 MP: 5/5
  1055 | D:2      | Noticed Natasha
  1074 | D:2      | Killed Natasha
  1144 | D:2      | Noticed Natasha
  1153 | D:2      | Killed Natasha
  1154 | D:2      | Reached XP level 4. HP: 8/38 MP: 6/6
  1642 | D:2      | Noticed Natasha
  1655 | D:2      | Killed Natasha
  2065 | D:3      | Reached XP level 5. HP: 22/45 MP: 7/7
  2452 | D:3      | Found a glowing drain.
  2462 | Sewer    | Entered a sewer
  2536 | Sewer    | Gained mutation: Your mind is acute. (Int +2) [potion of
                  | mutation]
  2536 | Sewer    | Gained mutation: You are weak. (Str -2) [potion of
                  | mutation]
  2536 | Sewer    | Gained mutation: You are very weak. (Str -4) [potion of
                  | mutation]
  2536 | Sewer    | Succumbed to a kobold brigand's poison

Illustrated notes

Levels and vault maps discovered:
D:1:      dpeg_arrival_circle_labyrinth_c, layout_rooms
D:2:      layout_rooms, chequers_ecumenical_altar_simple_redux,
          grunt_ministairs_3, minmay_tetromino_t4, uniq_natasha
D:3:      layout_loops_ring, cheibrodos_sewer_entry_sluice
Sewer:    sewer_co_tree

Skill      XL: |  1  2  3  4  5 |
---------------+----------------+-----
Axes           | 2 3 |  3.1
Armour         | 3 |  3.7
Fighting       | 3 |  3.7
Shields        | 3 |  3.7

Action                   |  1- 3 |  4- 6 || total
-------------------------+-------+-------++-------
Melee: War axe           |    87 |    93 ||   180
  Use: Potion            |       |     6 ||     6
Armor: Scale mail        |    58 |    57 ||   115
       Skin              |       |     7 ||     7
Dodge: Dodged            |    52 |    34 ||    86
Block: Buckler           |    27 |    29 ||    56

Table legend: (Time is in decaauts)
 A = Elapsed time spent in this place.
 B = Non-inter-level travel time spent in this place.
 C = Inter-level travel time spent in this place.
 D = Time resting spent in this place.
 E = Time spent auto-exploring this place.
 F = Levels seen in this place.
 G = Mean time per level.
                   A        B        C        D        E       F      G
               +--------+--------+--------+--------+--------+-----+--------+
         Total |   2645 |   2482 |    163 |    547 |   1096 |   4 |  661.2 |
       Dungeon |   2553 |   2390 |    163 |    547 |   1059 |   3 |  851.0 |
         Sewer |     91 |     91 |      0 |      0 |     37 |   1 |   91.0 |
               +--------+--------+--------+--------+--------+-----+--------+

Top non-repeatable levels by time:
     D:2: 1283 daAuts
     D:1: 758 daAuts
     D:3: 512 daAuts
   Sewer: 91 daAuts
